 Dungeon Crawl Stone Soup version 0.20-a0-274-g7b51309 (webtiles) character file.

16492 AlphabetPasta the Cleaver (level 12, -1/110 HPs)
             Began as a Minotaur Chaos Knight on Dec 13, 2016.
             Slain by a red devil
             ... wielding a +0 trident
             ... summoned by Frances
              (2 damage)
             ... on level 12 of the Dungeon.
             The game lasted 01:00:58 (9991 turns).

AlphabetPasta the Cleaver (Minotaur Chaos Knight)   Turns: 9991, Time: 01:00:59

Health: -1/110     AC: 18    Str: 21    XL:     12   Next: 10%
Magic:  0/13       EV: 15    Int:  9    God:    Xom [..*...]
Gold:   942        SH:  0    Dex: 17    Spells: 11/11 levels left

rFire  . . .     SeeInvis .     H - +5 mace of Variability {chaos}
rCold  . . .     Gourm    .     K - +0 shadow dragon scales
rNeg   . . .     Faith    .     (shield currently unavailable)
rPois  .         Spirit   +     (helmet restricted)
rElec  .         Reflect  .     (no cloak)
rCorr  .         Harm     .     Q - +1 pair of gloves {Dex+3}
MR     .....                    g - +0 pair of boots
Stlth  +++.......               O - amulet of guardian spirit
                                p - +5 ring of dexterity
                                P - +1 ring of evasion

@: about to teleport
A: retaliatory headbutt, claws 1, horns 2, clumsy 1
a: Renounce Religion


You were on level 12 of the Dungeon.
You worshipped Xom.
You were a toy of Xom.
You were not hungry.

You visited 1 branch of the dungeon, and saw 12 of its levels.
You also visited: Ossuary and Ice Cave.

You collected 942 gold pieces.

Inventory:

Hand Weapons
 a - a +1 hand axe
 h - a +0 hand axe of chaos
 u - a +0 war axe
 C - a +0 war axe of venom
 E - a cursed -2 battleaxe
 H - the +5 mace of Variability (weapon) {chaos}
   (You found it on level 6 of the Dungeon)

   Each time it hits an enemy it has a different, random effect.
Missiles
 e - 118 bolts
Armour
 b - a +2 leather armour
 g - a +0 pair of boots (worn)
 j - a +0 scale mail
 n - the +1 chain mail "Ogoq" {rF+ Dex+3}
   (You found it in an ice cave)

   It affects your dexterity (+3).
   It protects you from fire.
 o - a +0 pair of gloves
 J - a +0 plate armour
 K - +0 shadow dragon scales (worn)
 Q - a +1 pair of gloves of dexterity (worn)
Jewellery
 p - a +5 ring of dexterity (right hand)
 x - an uncursed ring of resist corrosion
 y - an uncursed ring of protection from fire
 G - an uncursed ring of protection from cold
 I - an uncursed ring of protection from cold
 O - an amulet of guardian spirit (around neck)
 P - a +1 ring of evasion (left hand)
Wands
 z - a wand of iceblast (4/15)
 D - a wand of iceblast (0/15)
 F - a wand of enslavement (8/24)
 L - a wand of digging (14/24)
 M - a wand of teleportation (3/9)
Scrolls
 d - 6 scrolls of remove curse
 f - 2 scrolls of enchant weapon
 i - a scroll of fear
 m - a scroll of teleportation
 q - 3 scrolls of fog
 t - 6 scrolls of identify
 v - 2 scrolls of amnesia
Potions
 k - 4 potions of cancellation
 l - 6 potions of curing
 r - a potion of brilliance
 s - 2 potions of heal wounds
 w - 3 potions of flight
Comestibles
 c - 15 bread rations
 A - 10 meat rations
 B - 2 beef jerkies
 N - 10 chunks of flesh


   Skills:
 + Level 11.1 Fighting
 * Level 14.6 Axes
 + Level 10.7 Armour
 + Level 9.4 Dodging
 + Level 3.1 Evocations


You had 11 spell levels left.
You didn't know any spells.

Dungeon Overview and Level Annotations

Branches:
Dungeon (12/15)            Temple (0/1) D:6            Lair (0/6) D:9
    Orc (0/2) D:11

Altars:
Fedhas
Gozag
Hepliaklqana
Kikubaaqudgha
Qazlal
Ru
Trog
Uskayaw
Xom
Zin

Shops:
D:4 [

Annotations:
D:12 Frances


Innate Abilities, Weirdness & Mutations

You reflexively headbutt those who attack you in melee.
You have a pair of horns on your head.
You have sharp fingernails.
You are clumsy. (Dex -2)


Message History

* * * LOW HITPOINT WARNING * * *
Frances draws strength from your wounds!
Your shadow dragon scales prevents you from hitting Frances.
Frances is lightly wounded.
Frances chants phrases taken from a devil's mouth.
As you read the scroll of teleportation, it crumbles to dust.
You feel strangely unstable. Frances closely misses you.
You feel much better. Frances completely misses you. The red devil misses you.
You sock Frances!
Frances is lightly wounded.
Frances hits you with a vampiric glaive!
* * * LOW HITPOINT WARNING * * *
Frances screams a word of power!
The iron shot hits you!
You die... "Oh, no, you don't!"
Xom revives you!
The red devil hits you from afar with a trident.
You die...
Xom is highly amused!

##'###### ##...## #...####
###..###### ###..).#
#.........# ####.#
#.........# #####'##
#.........#
#......#####.........#
#######......#...'.........#
#.....@......#.###........)#
.4@.#####.....3#@#
#.........# .### #.....4@.#
#.........+ #.....4###
#...<.....# #......#
#.........# #......#
#.........# ########
#.........# ###########


You could see Frances, a rust devil and a red devil.

Vanquished Creatures
  3 death yaks (D:9)
  2 hill giants
  4 ugly things
  Psyche (D:12)
  2 ice statues (IceCv)
  2 rime drakes (D:12)
  A merfolk (D:9)
  A troll (D:10)
  2 polar bears (D:12)
  A two-headed ogre (D:11)
  4 hippogriffs
  A raiju (D:10)
  Sigmund (D:2)
  2 wyverns
  A shadow (D:10)
  4 yaks
  2 wraiths (D:12)
  An acid dragon (D:11)
  A soldier ant (D:10)
  Duvessa (D:4)
  A water moccasin (D:8)
  9 ice beasts
  6 orc warriors
  7 sky beasts
  2 phantoms
  5 ogres
  8 centaurs
  2 elf zombies (Ossuary)
  2 big kobolds (D:7)
  7 bullfrogs
  Blork the orc (D:4)
  A wyvern zombie (D:11)
  Dowan (D:4)
  3 jellies
  3 killer bees (D:7)
  4 wights (D:10)
  3 howler monkeys
  A centaur zombie (D:11)
  5 crimson imps
  2 quasits
  7 bullfrog zombies
  4 hounds
  6 orc priests
  10 orc wizards
  2 gnoll shamans (D:7)
  Jessica (D:3)
  A bullfrog skeleton (D:10)
  A centaur skeleton (D:10)
  2 iguanas
  Terence (D:2)
  Natasha (thrice) (D:2)
  6 worker ants
  2 big kobold zombies (Ossuary)
  A hound zombie (D:11)
  4 mummies (Ossuary)
  3 gnolls (D:7)
  A howler monkey skeleton (D:8)
  9 adders
  6 shadow imps
  An ooze (D:3)
  2 adder skeletons
  4 adder zombies (Ossuary)
  3 worms
  An adder simulacrum (D:10)
  2 dart slugs
  5 leopard geckos
  40 orcs
  4 giant cockroaches
  7 goblins
  6 hobgoblins
  9 jackals
  5 kobolds
  3 quokkas
  5 bats
  4 frilled lizards
  A goblin zombie (Ossuary)
  A jackal zombie (D:7)
  2 kobold zombies (Ossuary)
  A leopard gecko zombie (D:5)
  An orc zombie (Ossuary)
  A quokka skeleton (D:4)
  3 rats
  2 plants (D:7)
293 creatures vanquished.

Vanquished Creatures (collateral kills)
  A catoblepas (D:9)
1 creature vanquished.

Vanquished Creatures (others)
  A yak (D:10)
  5 gnolls (D:7)
  6 fungi (D:7)
  4 plants (D:7)
16 creatures vanquished.

Grand Total: 310 creatures vanquished

Notes
Turn   | Place    | Note
-------+----------+-------------------------------------------
     0 | D:1      | AlphabetPasta the Minotaur Chaos Knight began the quest for the Orb.
     0 | D:1      | Reached XP level 1. HP: 19/19 MP: 0/0
    99 | D:1      | XOM: divination: detect creatures
   251 | D:1      | Reached XP level 2. HP: 22/27 MP: 1/1
   306 | D:1      | XOM: harmless Summ miscast
   370 | D:1      | Reached skill level 4 in Axes
   442 | D:1      | XOM: silly message
   524 | D:1      | XOM: harmless Pois miscast
   595 | D:2      | Noticed Sigmund
   615 | D:2      | Noticed Natasha
   617 | D:2      | XOM: divination: magic mapping
   619 | D:2      | Killed Natasha
   619 | D:2      | Reached XP level 3. HP: 33/33 MP: 2/2
   626 | D:2      | Found an opulent altar of Gozag.
   629 | D:2      | Found a sacrificial altar of Ru.
   730 | D:2      | XOM: potion effect (berserk rage)
   735 | D:2      | Killed Sigmund
   735 | D:2      | Reached skill level 5 in Axes
   735 | D:2      | Reached XP level 4. HP: 41/41 MP: 3/3
   735 | D:2      | Reached XP level 5. HP: 47/47 MP: 4/4
   739 | D:2      | Noticed Natasha
   742 | D:2      | XOM: cast spell 'Call Canine Familiar'
   752 | D:2      | Killed Natasha
   788 | D:2      | Gained mutation: You have sharp fingernails. [potion of beneficial mutation]
   803 | D:2      | Noticed Terence
   818 | D:2      | Killed Terence
   818 | D:2      | Reached skill level 5 in Fighting
   884 | D:2      | XOM: cloud trail
   903 | D:2      | XOM: harmless Divn miscast
   935 | D:2      | Noticed Natasha
   945 | D:2      | XOM: repel stairs
   949 | D:2      | Killed Natasha
   949 | D:2      | Reached skill level 6 in Axes
   949 | D:2      | Reached XP level 6. HP: 17/56 MP: 5/5
   953 | D:2      | XOM: draining
  1019 | D:2      | XOM: noise
  1357 | D:3      | Found a hide-covered altar of Uskayaw.
  1357 | D:3      | Found a hazy altar of Hepliaklqana.
  1387 | D:3      | Noticed Jessica
  1401 | D:3      | Killed Jessica
  1570 | D:3      | Found a blossoming altar of Fedhas.
  1941 | D:3      | XOM is BORED!
  1976 | D:4      | Noticed Duvessa
  1977 | D:4      | Noticed Dowan
  1977 | D:4      | Noticed Blork the orc
  2033 | D:4      | Found an ancient bone altar of Kikubaaqudgha.
  2047 | D:4      | Found a blossoming altar of Fedhas.
  2090 | D:4      | XOM: noise
  2097 | D:4      | XOM: potion effect (invisibility)
  2100 | D:4      | Killed Duvessa
  2100 | D:4      | Reached XP level 7. HP: 35/61 MP: 6/6
  2110 | D:4      | Killed Dowan
  2110 | D:4      | Reached skill level 7 in Axes
  2164 | D:4      | XOM: medium Summ miscast
  2165 | D:4      | Noticed an orange demon
  2240 | D:4      | Found a glowing silver altar of Zin.
  2268 | D:4      | XOM: divination: detect creatures
  2304 | D:4      | Found a sand-covered staircase.
  2315 | Ossuary  | Entered an ossuary
  2317 | Ossuary  | XOM: divination: detect items
  2342 | Ossuary  | XOM: confuse monster(s)
  2364 | Ossuary  | Reached skill level 5 in Armour
  2385 | Ossuary  | XOM: give mutation
  2385 | Ossuary  | Gained mutation: You are clumsy. (Dex -2) [Xom's mischief]
  2622 | D:4      | Found Moxigh's Antique Armour Boutique.
  2642 | D:4      | XOM: 8-stop teleportation journey
  2676 | D:4      | Found a bloodstained altar of Trog.
  2684 | D:4      | XOM: god gift: 15 gold pieces
  2827 | D:5      | Entered Level 5 of the Dungeon
  3019 | D:5      | Reached skill level 8 in Axes
  3081 | D:5      | XOM: confusion (+ monsters)
  3098 | D:5      | Reached XP level 8. HP: 53/71 MP: 7/7
  3144 | D:4      | Killed Blork the orc
  3602 | D:5      | XOM: summons 1 hostile demon
  3778 | D:6      | XOM: confusion
  3787 | D:6      | Reached skill level 5 in Dodging
  3968 | D:6      | Found a staircase to the Ecumenical Temple.
  3982 | D:6      | Reached skill level 9 in Axes
  4293 | D:7      | XOM: swap monsters
  4302 | D:7      | Identified a scroll of acquirement
  4314 | D:7      | XOM: 1-stop teleportation journey
  4317 | D:7      | Reached XP level 9. HP: 54/79 MP: 8/8
  4323 | D:7      | XOM: destruction
  4341 | D:7      | Reached skill level 10 in Axes
  4795 | D:7      | XOM: polymorph adder -> orc
  4878 | D:7      | XOM: god gift: 8 tomahawks of dispersal
  4956 | D:7      | Found a stormy altar of Qazlal.
  5231 | D:7      | XOM: medium Summ miscast
  5232 | D:7      | Noticed an orange demon
  5262 | D:7      | XOM: enchant monster (good)
  5351 | D:7      | XOM: harmless Fire miscast
  5355 | D:7      | XOM: harmless Necr miscast
  5416 | D:7      | XOM: harmless Erth miscast
  5493 | D:7      | Reached skill level 11 in Axes
  5600 | D:8      | XOM: medium Fire miscast
  5743 | D:8      | XOM: cloud trail
  6094 | D:8      | XOM: divination: detect creatures
  6099 | D:8      | XOM: confuse monster(s)
  6100 | D:8      | Reached XP level 10. HP: 87/90 MP: 9/9
  6176 | D:8      | XOM: silly message
  6346 | D:8      | XOM: harmless Tloc miscast
  6538 | D:9      | XOM: harmless Tloc miscast
  6558 | D:9      | Noticed a death yak
  6559 | D:9      | Found a staircase to the Lair.
  6559 | D:9      | Noticed a death yak
  6559 | D:9      | Noticed a death yak
  6559 | D:9      | Noticed a death yak
  6570 | D:9      | XOM: summons 5 hostile demons
  6571 | D:9      | Noticed a sun demon
  6583 | D:9      | Killed a death yak
  6786 | D:9      | XOM: harmless Chrm miscast
  6833 | D:9      | XOM: mild Conj miscast
  7044 | D:9      | Noticed a death yak
  7061 | D:9      | Noticed a death yak
  7071 | D:9      | XOM: confuse monster(s)
  7078 | D:9      | Killed a death yak
  7078 | D:9      | Reached skill level 12 in Axes
  7088 | D:9      | Noticed a death yak
  7089 | D:9      | XOM: cast spell 'Conjure Ball Lightning'
  7127 | D:9      | Noticed a dire elephant
  7127 | D:9      | a death yak changed into a dire elephant
  7127 | D:9      | XOM: polymorph death yak -> dire elephant
  7133 | D:9      | XOM: silly message
  7140 | D:9      | Noticed a catoblepas
  7140 | D:9      | a dire elephant changed into a catoblepas
  7140 | D:9      | XOM: polymorph dire elephant -> catoblepas
  7165 | D:9      | XOM: cast spell 'Summon Hydra'
  7167 | D:9      | Killed a catoblepas
  7363 | D:9      | XOM: mild Tmut miscast
  7413 | D:9      | Found a hide-covered altar of Uskayaw.
  7790 | D:9      | XOM: god gift: bone wand {god gift}
  7838 | D:10     | Entered Level 10 of the Dungeon
  7961 | D:10     | XOM: polymorph yak -> raiju
  7964 | D:10     | XOM: harmless Tloc miscast
  7967 | D:10     | Reached skill level 10 in Fighting
  7970 | D:10     | Reached XP level 11. HP: 47/99 MP: 10/10
  7975 | D:10     | Reached skill level 13 in Axes
  8016 | D:10     | Noticed a hill giant
  8024 | D:10     | Killed a hill giant
  8149 | D:10     | XOM: harmless Necr miscast
  8171 | D:9      | XOM: confuse monster(s)
  8178 | D:9      | XOM: confusion (+ monsters)
  8184 | D:9      | XOM: fog
  8195 | D:9      | Killed a death yak
  8540 | D:11     | XOM: scenery: create altars
  8661 | D:11     | XOM: scenery: create altars
  8689 | D:11     | Found a staircase to the Orcish Mines.
  8702 | D:11     | Noticed a hill giant
  8712 | D:11     | Killed a hill giant
  8712 | D:11     | Reached skill level 10 in Armour
  8821 | D:11     | Reached skill level 1 in Evocations
  9093 | D:12     | Noticed a purple ugly thing
  9094 | D:12     | Found a blossoming altar of Fedhas.
  9102 | D:12     | Killed a purple ugly thing
  9136 | D:12     | Found a frozen archway.
  9157 | D:12     | Reached skill level 14 in Axes
  9183 | IceCv    | Entered an ice cave
  9183 | IceCv    | Noticed a white ugly thing
  9196 | IceCv    | Killed a white ugly thing
  9197 | IceCv    | XOM: silly message
  9446 | IceCv    | Noticed a white ugly thing
  9460 | IceCv    | Killed a white ugly thing
  9462 | IceCv    | XOM: potion effect (invisibility)
  9484 | IceCv    | Got an opal-encrusted chain mail
  9499 | IceCv    | Identified the cursed +1 chain mail "Ogoq" {rF+ Dex+3} (You found it in an ice cave)
  9573 | IceCv    | XOM: harmless Pois miscast
  9725 | D:12     | XOM: silly message
  9738 | D:12     | Reached XP level 12. HP: 102/110 MP: 11/13
  9935 | D:12     | Noticed Psyche
  9942 | D:12     | Killed Psyche
  9963 | D:12     | Noticed Frances
  9991 | D:12     | Xom revived you
  9991 | D:12     | Slain by a red devil

Vault maps used:
D:1:      minmay_arrival_four_circles, grunt_decor_cap
D:2:      nicolae_gozag_seed_capital, nicolae_ru_awakened_eye, uniq_natasha,
          uniq_sigmund, uniq_terence
D:3:      gammafunk_temple_overflow_statue, fedhas_altar_4, uniq_jessica
D:4:      grunt_temple_overflow_growth_and_decay, zin_statuary,
          lightli_temple_of_fire, lightli_ossuary_entry_decrepit_ruins,
          first_bread, serial_shops, nicolae_shop_waterfront, uniq_duvessa,
          uniq_blork_the_orc
D:5:      minivault_27, kennysheep_generic_room_4
D:7:      kennysheep_seaside_town, grunt_qazlal_clouds
D:9:      dpeg_lair_monsters, basic_altar, hangedman_fish_farm, hex_large,
          eino_small_chamber_without_monster, kennysheep_generic_room_14
D:10:     minmay_bloctagon_deflated, feat_on_display
D:11:     david_orc_3
D:12:     basic_altar, portal_ice_cave_entry_animals_and_master, uniq_psyche,
          uniq_frances
Ossuary:  ossuary_minmay_tomb_2a
IceCv:    ice_cave_statue_garden_teleport

Skill      XL: |  1  2  3  4  5  6  7  8  9 10 11 12 |
---------------+-------------------------------------+-----
Axes           | 4 5 6 8 9 11 12 14 | 14.6
Fighting       | 4 5 6 7 8 10 11 | 11.1
Armour         | 3 4 5 6 7 9 10 | 10.7
Dodging        | 2 3 4 5 7 8 9 |  9.4
Evocations     | 2 3 |  3.1

Action                   |  1- 3 |  4- 6 |  7- 9 | 10-12 || total
-------------------------+-------+-------+-------+-------++-------
Melee: Hand axe          |    51 |   118 |     9 |       ||   178
       Headbutt          |     8 |    28 |    69 |    95 ||   200
       War axe           |       |       |   304 |   374 ||   678
       Great mace        |       |       |       |     3 ||     3
Evoke: Wand              |       |       |     2 |     2 ||     4
  Use: Potion            |     5 |     3 |    11 |     7 ||    26
       Scroll            |     3 |     6 |     2 |    10 ||    21
 Stab: Confused          |       |       |     3 |     4 ||     7
       Invisible         |       |       |     1 |     5 ||     6
       Distracted        |       |       |     1 |     1 ||     2
       Paralysed         |       |       |     1 |       ||     1
       Sleeping          |       |       |       |     7 ||     7
  Eat: Chunk             |       |     4 |     9 |     9 ||    22
       Royal jelly       |       |       |     1 |     1 ||     2
       Fruit             |       |       |     2 |       ||     2
       Pizza             |       |       |       |     1 ||     1
Armor: Leather armour    |    17 |     6 |       |       ||    23
       Scale mail        |       |    29 |   121 |       ||   150
       Plate armour      |       |       |    48 |     1 ||    49
       Shadow dragon sca |       |       |       |   174 ||   174
Dodge: Dodged            |    25 |    51 |   220 |   176 ||   472
